 Dungeon Crawl Stone Soup version 0.31-a0-174-g85c54bcb58 (webtiles) character file.

Game seed: 6680398998649199016

35 Moral the Conjurer (level 3, -1/19 HPs)
             Began as a Tengu Conjurer on June 16, 2023.
             Slain by a kobold
             ... wielding a +0 whip
              (5 damage)
             ... on level 2 of the Dungeon.
             The game lasted 00:04:11 (1047 turns).

Moral the Conjurer (Tengu Conjurer)                 Turns: 1047, Time: 00:04:11

Health: -1/19      AC:  2    Str:  7    XL:     3   Next: 33%
Magic:  0/7        EV: 12    Int: 20    God:
Gold:   66         SH:  0    Dex: 12    Spells: 4/7 levels left

rFire   . . .        (no weapon)
rCold   . . .        (no shield)
rNeg    + . .        a - +0 robe
rPois   .            (helmet restricted)
rElec   .            (no cloak)
rCorr   .            (no gloves)
SInv    .            (boots unavailable)
Will    .....        (no amulet)
Stlth   ++           c - ring of positive energy
HPRegen 0.23/turn    (no ring)
MPRegen 0.10/turn

%: no passive effects
@: no status effects
A: beak, talons 3
a: no special abilities


You were on level 2 of the Dungeon.
You visited 1 branch of the dungeon, and saw 2 of its levels.

You collected 66 gold pieces.

Inventory:

Armour
 a - a +0 robe (worn)
Jewellery
 c - a ring of positive energy (left hand)
Scrolls
 d - a scroll of fog {unknown}
 e - a scroll of teleportation {unknown}
Potions
 b - a potion of magic
 f - a potion of heal wounds {unknown}


   Skills:
 + Level 2.6 Dodging
 + Level 2.3 Stealth
 * Level 2.5 Spellcasting
 * Level 5.7 Conjurations


You had 4 spell levels left.
You knew the following spells:

 Your Spells              Type           Power      Damage    Failure   Level
a - Magic Dart            Conj           100%       1d8       1%          1
b - Searing Ray           Conj           50%        2d6       1%          2

Your spell library contained the following spells:

 Spells                   Type           Power      Damage    Failure   Level
 Dazzling Flash           Conj/Hex       28%        N/A       14%         3
 Fulminant Prism          Conj/Hex       7%         3d6       41%         4
 Iskenderun's Mystic Bla  Conj/Tloc      14%        2d5       41%         4


Dungeon Overview and Level Annotations

Branches:
Dungeon (2/15)

Altars:
Qazlal

Annotations:
D:2 Sigmund


Innate Abilities, Weirdness & Mutations

You have a beak for a mouth.
You have claws for feet.


Message History

Sigmund is heavily wounded.
The kobold misses you. Sigmund closely misses you.
Casting: Magic Dart (safe; 1% risk of failure)
Confirm with . or Enter, or press ? or * to list all spells.
Aiming: Magic Dart (safe; 1% risk of failure)
Press: ? - help, Shift-Dir - straight line, f/p - Sigmund
Aim: Sigmund, wielding a +0 scythe and wearing a +2 robe (heavily wounded, 100% to hit)
The magic dart hits Sigmund.
Sigmund is severely wounded.
A frilled lizard comes into view.
The kobold hits you with a +0 whip.
Casting: Magic Dart (safe; 1% risk of failure)
Confirm with . or Enter, or press ? or * to list all spells.
Aiming: Magic Dart (safe; 1% risk of failure)
Press: ? - help, Shift-Dir - straight line, f/p - Sigmund
Aim: Sigmund, wielding a +0 scythe and wearing a +2 robe (severely wounded, 100% to hit)
The magic dart hits Sigmund.
Sigmund is almost dead.
Sigmund hits you but does no damage. The kobold hits you with a +0 whip.
Sigmund laughs darkly.
Sigmund mumbles some strange words.
Sigmund flickers and vanishes!
Deactivating autopickup; reactivate with Ctrl-A.
The kobold attacks as you move away! The kobold barely misses you.
The kobold attacks as you move away! The kobold barely misses you.
The kobold attacks as you move away! The kobold barely misses you.
Casting: Magic Dart (safe; 1% risk of failure)
Confirm with . or Enter, or press ? or * to list all spells.
Aiming: Magic Dart (safe; 1% risk of failure)
Press: ? - help, Shift-Dir - straight line, f - kobold
Aim: a kobold, wielding a +0 whip (100% to hit)
The magic dart hits the kobold.
The kobold is heavily wounded.
The kobold closely misses you. The kobold attacks as you move away!
The kobold closely misses you.
A magic dart appears from out of thin air!
The magic dart hits you.
* * * LOW HITPOINT WARNING * * *
The kobold attacks as you move away! The kobold hits you with a +0 whip.
You die...

#.. #.# ###. .# #.# #.. ..#
#.###.# ..# #. ##..##.# #.#
... .. ##....[.# #†# ..#...
#####...(...# #.# #####.>#...
#[......_...###.###...#......
##.###........@..............
#.........####K#{...........
#####........<..............
###########...l..†......
#................$
#..........#......
#....†............
#.................
#.........####....


You could see a kobold and a frilled lizard.

Vanquished Creatures
  A dart slug (D:1)
  2 endoplasms (D:1)
  2 giant cockroaches (D:1)
  4 hobgoblins (D:1)
  4 kobolds (D:1)
  A quokka (D:1)
  5 ball pythons
  5 bats
  A frilled lizard (D:1)
  3 goblins (D:1)
  2 rats
30 creatures vanquished.

Notes
Turn   | Place    | Note
-------+----------+-------------------------------------------
     0 | D:1      | Moral the Tengu Conjurer began the quest for the Orb.
     0 | D:1      | Reached XP level 1. HP: 10/10 MP: 4/4
   175 | D:1      | Reached XP level 2. HP: 15/15 MP: 4/6
   461 | D:1      | Reached XP level 3. HP: 15/19 MP: 3/7
   473 | D:1      | Learned a level 2 spell: Searing Ray
   971 | D:2      | Found a stormy altar of Qazlal.
  1027 | D:2      | Noticed Sigmund
  1047 | D:2      | Slain by a kobold

Illustrated notes

Levels and vault maps discovered:
D:1:      kennysheep_arrival_forest, layout_rooms,
          chequers_serial_rivers_large_a
D:2:      layout_rooms, basic_altar, uniq_natasha, uniq_sigmund

Action                     || total
---------------------------++-------
  Melee: Unarmed           ||    10
         Kick              ||     4
         Peck              ||     2
   Cast: Magic Dart        ||    40
         Searing Ray       ||     5
 Armour: Robe              ||     8
  Dodge: Dodged            ||    30

Table legend: (Time is in decaauts)
 A = Elapsed time spent in this place.
 B = Non-inter-level travel time spent in this place.
 C = Inter-level travel time spent in this place.
 D = Time resting spent in this place.
 E = Time spent auto-exploring this place.
 F = Levels seen in this place.
 G = Mean time per level.
                   A        B        C        D        E       F      G
               +--------+--------+--------+--------+--------+-----+--------+
         Total |   1054 |   1054 |      0 |      0 |    787 |   2 |  527.0 |
       Dungeon |   1054 |   1054 |      0 |      0 |    787 |   2 |  527.0 |
               +--------+--------+--------+--------+--------+-----+--------+

Top non-repeatable levels by time:
     D:1: 966 daAuts
     D:2: 87 daAuts
